 Dungeon Crawl Stone Soup version 0.26-a0-259-g1effd001a9 (webtiles) character file.

Game seed: 7395644162735146483

125283 vurker the Cloud Mage (level 16, -3/93 HPs)
             Began as a Tengu Air Elementalist on July 11, 2020.
             Was the Champion of Vehumet.
             Slain by an alligator (10 damage)
             ... led by an alligator
             ... on level 2 of the Swamp.
             The game lasted 01:01:25 (46287 turns).

vurker the Cloud Mage (Tengu Air Elementalist)     Turns: 46287, Time: 01:01:26

Health: -3/93      AC:  8    Str: 10    XL:     16   Next: 95%
Magic:  1/42       EV: 21    Int: 21    God:    Vehumet [******]
Gold:   3139       SH: 10    Dex: 15    Spells: 24/40 levels left

rFire    + . .     SeeInvis .   a - staff of air
rCold    . . .     Faith    .   N - +0 buckler
rNeg     + . .     Spirit   .   R - +2 robe {rF+}
rPois    +         Reflect  +   (helmet restricted)
rElec    +         Harm     .   P - +2 cloak
rCorr    .                      m - +0 pair of gloves
MR       +....                  (boots unavailable)
Stlth    ++........             n - amulet of reflection
HPRegen  0.25/turn              o - ring of magical power
MPRegen  0.28/turn              I - ring "Ubbuss" {rPois rN+ Slay+2}

@: flying quickly and evasively, very slightly contaminated, quick
A: beak, talons 3, frail 1, able to fly
a: Stop Flying, Renounce Religion


You were on level 2 of the Swamp.
You worshipped Vehumet.
Vehumet was exalted by your worship.
You were not hungry.

You visited 5 branches of the dungeon, and saw 26 of its levels.
You also visited: Gauntlet and Ice Cave.

You collected 3962 gold pieces.
You spent 823 gold pieces at shops.

Inventory:

Hand Weapons
 b - the +7 trident "Epito" {elec, MR+ Str+2}
   (You found it on level 4 of the Dungeon)

   Occasionally, upon striking a foe, it will discharge some electrical energy
   and cause terrible harm.
   It affects your strength (+2).
   It affects your resistance to hostile enchantments.
Armour
 h - the cursed +0 pair of gloves "Toergh" {+Inv Str+7 Dex-3}
   (You found it on level 2 of the Swamp)

   It affects your strength (+7).
   It affects your dexterity (-3).
   It lets you turn invisible.
   It has a curse placed upon it.
 m - a +0 pair of gloves (worn)
   (You found it on level 8 of the Dungeon)
 x - a +1 cloak of magic resistance
   (You found it on level 2 of the Swamp)
 N - a +0 buckler (worn)
   (You found it on level 3 of the Lair of Beasts)
 P - a +2 cloak (worn)
   (You bought it in a shop on level 2 of the Orcish Mines)
 R - a +2 robe of fire resistance (worn)
   (You took it off an orc sorcerer on level 2 of the Orcish Mines)
Magical Staves
 a - an uncursed staff of air (weapon)
   (You found it on level 11 of the Dungeon)
 O - an uncursed staff of cold
   (You found it on level 6 of the Lair of Beasts)
Jewellery
 n - an amulet of reflection (around neck)
   (You found it on level 6 of the Dungeon)
 o - a ring of magical power (left hand)
   (You bought it in a shop on level 8 of the Dungeon)
 H - an uncursed ring of see invisible
   (You found it on level 4 of the Lair of Beasts)
 I - the ring "Ubbuss" (right hand) {rPois rN+ Slay+2}
   (You found it on level 1 of the Swamp)

   [ring of poison resistance]

   It affects your accuracy and damage with ranged weapons and melee attacks
   (+2).
   It protects you from poison.
   It protects you from negative energy.
 L - an uncursed ring of protection from magic
   (You found it on level 2 of the Lair of Beasts)
 M - an uncursed ring of positive energy
   (You found it on level 3 of the Lair of Beasts)
 Q - an uncursed ring of resist corrosion
   (You found it on level 6 of the Lair of Beasts)
Wands
 c - a wand of disintegration (19)
   (You found it on level 6 of the Dungeon)
 d - a wand of iceblast (15)
   (You found it on level 15 of the Dungeon)
 u - a wand of paralysis (10)
   (You found it on level 9 of the Dungeon)
 v - a wand of digging (13)
   (You took it off an orc priest on level 8 of the Dungeon)
 y - a wand of enslavement (6)
   (You found it on level 14 of the Dungeon)
 G - a wand of polymorph (8)
   (You found it on level 9 of the Dungeon)
Scrolls
 j - 4 scrolls of enchant armour
 t - 12 scrolls of teleportation
 w - 5 scrolls of identify
 z - 3 scrolls of fear
 A - 3 scrolls of magic mapping
 C - 2 scrolls of remove curse
 E - 2 scrolls of immolation
 F - 2 scrolls of amnesia
 J - 7 scrolls of blinking
 K - a scroll of fog
Potions
 f - 5 potions of brilliance
 g - a potion of magic
 i - 8 potions of heal wounds
 k - 10 potions of curing
 l - 3 potions of ambrosia
 p - a potion of resistance
 q - 6 potions of lignification
 r - a potion of mutation
 s - a potion of haste
 B - 3 potions of invisibility
Comestibles
 e - 58 rations


   Skills:
 + Level 13.4 Fighting
 + Level 8.5 Dodging
 - Level 2.0 Stealth
 - Level 4.0 Shields
 + Level 12.7 Spellcasting
 * Level 12.3 Conjurations
 * Level 22.7 Air Magic


You had 24 spell levels left.
You knew the following spells:

 Your Spells              Type           Power        Failure   Level
a - Shock                 Conj/Air       ####         0%          1
c - Airstrike             Air            ########..   0%          4
q - Irradiate             Conj/Tmut      #####.....   3%          5
x - Conjure Ball Lightni  Conj/Air       #######...   1%          6

Your spell library contained the following spells:

 Spells                   Type           Power        Failure   Level
 Bolt of Magma            Conj/Fire/Erth ####......   7%          5
 Static Discharge         Conj/Air       #######.     0%          3
 Foxfire                  Conj/Fire      ####         1%          1
 Magic Dart               Conj           ####         1%          1
 Searing Ray              Conj           ######       1%          2
 Swiftness                Chrm/Air       #######.     1%          2
 Conjure Flame            Conj/Fire      #####...     1%          3
 Dazzling Flash           Conj/Hex       #####.       1%          3
 Mephitic Cloud           Conj/Pois/Air  #######.     1%          3
 Fulminant Prism          Conj/Hex       #####.....   1%          4
 Iskenderun's Mystic Bla  Conj/Tloc      #####...     1%          4
 Sticky Flame             Conj/Fire      #####...     1%          4
 Lightning Bolt           Conj/Air       #######...   1%          5
 Silence                  Hex/Air        #######...   1%          5
 Fireball                 Conj/Fire      #####.....   3%          5
 Animate Skeleton         Necr           ##....       4%          1
 Apportation              Tloc           ##....       4%          1
 Corona                   Hex            ##.....      4%          1
 Summon Small Mammal      Summ           ##..         4%          1
 Inner Flame              Hex/Fire       ##......     4%          3
 Blink                    Tloc           N/A          8%          2
 Call Imp                 Summ           ##......     8%          2
 Ensorcelled Hibernation  Hex/Ice        ##....       8%          2
 Slow                     Hex            ##......     8%          2
 Confusing Touch          Hex            ##......     14%         3
 Gell's Gravitas          Tloc           ##........   14%         3
 Yara's Violent Unravell  Hex/Tmut       ##........   32%         5
 Petrify                  Tmut/Erth      ##......     43%         4
 Borgnjor's Vile Clutch   Necr/Erth      ##........   80%         5
 Metabolic Englaciation   Hex/Ice        ##........   80%         5
 Darkness                 Hex            ##........   100%        6
 Hydra Form               Tmut           ##........   100%        6
 Shadow Creatures         Summ           N/A          100%        6
 Statue Form              Tmut/Erth      ##.......    100%        6
 Dragon Form              Tmut           ##........   100%        7
 Dragon's Call            Summ           ##........   100%        9


Dungeon Overview and Level Annotations

Branches:
Dungeon (15/15)            Temple (1/1) D:5            Lair (6/6) D:8
  Swamp (2/4) Lair:2       Spider (0/4) Lair:3        Slime (0/5) Lair:5
    Orc (2/2) D:11            Elf (0/3) Orc:2        Vaults (0/5) D:13
 Depths (0/5) D:15          IceCv (visited)         Gauntlet (visited)

Altars:
Ashenzari
Cheibriados
Elyvilon
Fedhas
Gozag
Hepliaklqana
Kikubaaqudgha
Nemelex Xobeh
Okawaru
Ru
Sif Muna
Trog
Vehumet
Wu Jian
Xom
Yredelemnul
Zin
The Shining One
Beogh
Jiyva

Shops:
D:8 =   D:9 }   D:15 }   Orc:2 *%:}}([[

Annotations:
D:5 2 transporters, tilp's ghost, novice SpEn
Lair:5 3 runed translucent doors, Libboc's ghost, journeyman DEFE


Innate Abilities, Weirdness & Mutations

You have a beak for a mouth.
You have claws for feet.
You can fly continuously.
You are frail. (-10% HP)


Message History

You kill the alligator!
Vehumet accepts your kill.
You feel your power returning.
The alligator puts on a burst of speed!
Aim: an alligator (covering ground quickly)
You feel a surge of power!
The air twists around and strikes the alligator!
Aim: an alligator (moderately wounded, covering ground quickly)
You feel a surge of power!
The air twists around and strikes the alligator!
Aim: an alligator (moderately wounded, covering ground quickly)
You feel a surge of power!
The air twists around and strikes the alligator!!
The alligator bites you!
The alligator tail-slaps you but does no damage.
Aim: an alligator (heavily wounded, covering ground quickly)
You feel a surge of power!
The air twists around and strikes the alligator!
You block the alligator's attack.
The alligator tail-slaps you but does no damage.
You don't have enough magic to cast that spell.
The alligator misses you. x2
The alligator bites you!! You block the alligator's attack.
The alligator misses you. x2
You block the alligator's attack. The alligator closely misses you.
You block the alligator's attack.
The alligator tail-slaps you but does no damage.
The alligator bites you!!
* * * LOW HITPOINT WARNING * * *
The alligator tail-slaps you!
* * * LOW HITPOINT WARNING * * *
The alligator bites you!!
* * * LOW HITPOINT WARNING * * *
The alligator misses you.
Unknown command.
Blink to where?
You are very lightly contaminated with residual magic.
As you read the scroll of blinking, it crumbles to dust.
Aim: an alligator (heavily wounded, covering ground quickly)
The mass of ice explodes!
The iceblast engulfs the alligator.
Okay, then.
Aim: an alligator (heavily wounded, covering ground quickly)
You create a blast of noxious fumes!
The now-empty wand crumbles to dust.
The alligator is engulfed in noxious fumes.
Aim: an alligator (noxious fumes, heavily wounded, covering ground quickly)
You feel a surge of power!
The air twists around and strikes the alligator!!
The alligator is engulfed in noxious fumes.
The alligator appears confused.
You block the alligator's attack. The alligator tail-slaps you!
You die...

♣♣≈≈...≈≈≈§≈.♣...≈≈.♣ ♣♣.≈.
♣.≈.♣♣.≈≈≈...≈...≈≈≈♣ ♣♣♣.
♣♣≈≈≈.♣♣......≈≈.≈≈≈.♣♣♣♣♣..≈ ♣♣
♣♣.≈≈≈≈♣....≈≈≈≈≈.≈≈≈.♣.......
.♣♣♣.≈≈≈≈.♣.>.≈≈≈≈..≈≈≈♣.≈.......
≈.♣..§≈≈≈....≈≈≈≈≈≈.♣...≈..≈≈≈.≈≈
≈...≈≈≈≈...≈≈≈≈..≈..§§≈.≈≈.≈≈≈.♣♣
..≈≈≈≈≈≈≈≈≈≈≈≈....§§§§≈≈..≈≈≈≈.♣≈
♣♣≈..≈≈≈≈.......@t§§§§≈≈.≈≈≈≈≈.≈≈
♣♣≈.........≈≈≈.♣≈§§§§≈≈≈≈.≈≈≈...
♣...≈♣♣....≈≈≈≈.♣♣♣≈§§≈≈≈.≈.≈≈♣♣≈
≈......≈≈≈≈≈≈≈≈§.♣♣♣≈.≈≈≈?≈♣♣♣♣♣♣
♣♣...≈≈≈≈≈≈≈..≈≈.♣♣♣.....≈.≈≈♣♣ ♣
♣♣.≈≈≈≈≈≈≈..>..≈≈≈≈♣♣≈.≈≈≈≈..♣♣♣
♣♣..≈≈≈≈≈≈≈...♣♣.......≈≈≈≈≈≈≈≈♣♣
♣≈.≈≈≈≈≈≈≈≈≈.♣♣≈≈♣≈..(.≈≈.≈≈≈≈..♣
♣♣≈.≈.♣♣.≈≈.♣♣♣≈♣♣♣♣.≈♣♣♣≈.≈≈..≈≈


You could see an alligator (swift, confused).

Vanquished Creatures
  Aizul (Swamp:1)
  An orc warlord (Orc:1)
  2 entropy weavers (Lair:5)
  2 fire dragons (D:15)
  Josephine (Lair:4)
  9 hydras
  2 catoblepae
  2 ghost crabs (Swamp:2)
  A centaur warrior (D:15)
  A merfolk avatar (Lair:6)
  2 shambling mangroves (Swamp:1)
  A queen ant (Lair:5)
  7 two-headed ogres
  5 tengu warriors
  4 death yaks (Lair:6)
  4 alligators
  2 orc high priests (D:11)
  A sea snake (Lair:6)
  3 unseen horrors
  A wizard (D:13)
  2 necromancers (D:13)
  An orc knight (Orc:2)
  5 ugly things
  8 orc sorcerers
  5 oklob plants
  4 cyclopes
  3 manticores
  17 elephants
  7 black mambas
  2 torpor snails
  3 gargoyles
  16 cane toads
  Maggie (D:8)
  10 rime drakes
  15 komodo dragons
  An efreet (D:15)
  A merfolk (shapeshifter) (D:15)
  7 polar bears
  7 trolls
  5 tyrant leeches
  6 hornets
  A wind drake (Lair:6)
  24 slime creatures
  7 blink frogs
  18 hippogriffs
  3 bog bodies
  2 spriggans (Swamp:1)
  A centaur simulacrum (D:14)
  3 shadows
  A spriggan (shapeshifter) (D:15)
  A tarantella (shapeshifter) (D:14)
  9 wyverns
  5 wraiths
  A vampire (D:14)
  47 yaks
  A water elemental (D:14)
  9 basilisks
  9 vampire mosquitoes
  4 insubstantial wisps (Swamp:1)
  9 wargs
  9 soldier ants (Lair:5)
  11 swamp worms
  2 acid dragons (D:15)
  24 orc warriors
  11 porcupines
  14 water moccasins
  5 swamp drakes
  3 hell hounds (Lair:6)
  4 black bears
  7 sky beasts
  5 ice beasts
  4 necrophages
  5 phantoms
  8 boggarts
  12 ogres
  An eye of draining (D:10)
  41 wolves
  13 centaurs
  21 crocodiles
  A big kobold (D:13)
  23 bullfrogs
  A gnoll sergeant (D:8)
  3 wyvern zombies
  4 scorpions
  11 killer bees
  7 howler monkeys
  28 wights
  4 electric eels
  4 bullfrog zombies
  2 centaur zombies (D:12)
  3 quasits
  6 hounds
  6 jellies
  2 bullfrog skeletons
  10 orc priests
  7 centaur skeletons
  7 iguanas
  42 orc wizards
  31 worker ants
  3 hound skeletons
  A howler monkey skeleton (D:11)
  8 adders
  16 gnolls
  A white imp (D:6)
  An ufetubus (D:6)
  2 oozes
  A worm (D:3)
  2 dart slugs (D:3)
  5 leopard geckos
  114 orcs
  2 ball pythons
  12 bats
  12 giant cockroaches
  4 hobgoblins
  12 jackals
  15 kobolds
  3 quokkas
  6 frilled lizards
  10 goblins
  A jackal skeleton (D:7)
  A leopard gecko zombie (D:6)
  2 quokka skeletons
  8 rats
  13 fungi
  11 plants
1001 creatures vanquished.

Vanquished Creatures (collateral kills)
  15 ball lightnings
15 creatures vanquished.

Vanquished Creatures (others)
  Nikola (Swamp:2)
  206 ball lightnings
  A wolf (IceCv)
  2 demonic plants (Gauntlet)
  46 fungi
  44 plants
300 creatures vanquished.

Grand Total: 1316 creatures vanquished

Notes
Turn   | Place    | Note
-------+----------+-------------------------------------------
     0 | D:1      | vurker the Tengu Air Elementalist began the quest for the
                  | Orb.
     0 | D:1      | Reached XP level 1. HP: 10/10 MP: 4/4
   253 | D:1      | Reached XP level 2. HP: 16/16 MP: 0/6
   651 | D:1      | Reached XP level 3. HP: 20/20 MP: 4/7
   660 | D:1      | Reached skill level 1 in Fighting
  1502 | D:2      | Reached skill level 5 in Air Magic
  1729 | D:2      | Reached XP level 4. HP: 25/25 MP: 5/8
  2597 | D:3      | Gained mutation: You can fly continuously. [Tengu growth]
  2597 | D:3      | Reached XP level 5. HP: 30/30 MP: 5/9
  3186 | D:3      | Learned a level 5 spell: Lightning Bolt
  3333 | D:3      | Reached skill level 6 in Air Magic
  3687 | D:4      | Got a bloodstained trident
  3688 | D:4      | Identified the +7 trident "Epito" {elec, MR+ Str+2} (You
                  | found it on level 4 of the Dungeon)
  3730 | D:4      | Reached XP level 6. HP: 32/36 MP: 3/11
  3764 | D:4      | Learned a level 4 spell: Airstrike
  4052 | D:4      | Got a silken robe
  4070 | D:4      | Identified the cursed +1 robe of Natwyach {Regen+ SInv}
                  | (You found it on level 4 of the Dungeon)
  4102 | D:4      | Reached skill level 7 in Air Magic
  4105 | D:4      | Reached XP level 7. HP: 15/40 MP: 2/13
  5027 | D:5      | Entered Level 5 of the Dungeon
  5083 | D:5      | Found a staircase to the Ecumenical Temple.
  5149 | D:5      | Reached skill level 8 in Air Magic
  5158 | Temple   | Entered the Ecumenical Temple
  5164 | Temple   | Became a worshipper of Vehumet
  5294 | D:5      | Reached skill level 5 in Conjurations
  5322 | D:5      | Reached XP level 8. HP: 32/48 MP: 2/15
  5661 | D:5      | Found a transporter.
  5770 | D:5      | Found a transporter.
  5770 | D:5      | Noticed tilp's ghost (novice SpEn)
  6003 | D:5      | Reached skill level 9 in Air Magic
  6426 | D:6      | Found a blossoming altar of Fedhas.
  6766 | D:6      | Reached * piety under Vehumet
  6766 | D:6      | Offered knowledge of Sandblast by Vehumet.
  6938 | D:6      | Reached skill level 10 in Air Magic
  6938 | D:6      | Reached XP level 9. HP: 52/52 MP: 4/17
  7443 | D:7      | Reached skill level 5 in Spellcasting
  7586 | D:7      | Reached skill level 5 in Fighting
  8292 | D:7      | Reached skill level 11 in Air Magic
  8691 | D:8      | Found Jotwaoz's Jewellery Shoppe.
  9102 | D:8      | Noticed a two-headed ogre
  9120 | D:8      | Killed a two-headed ogre
  9120 | D:8      | Reached skill level 12 in Air Magic
  9120 | D:8      | Reached XP level 10. HP: 29/60 MP: 0/20
  9356 | D:8      | Bought an uncursed ring of magical power for 240 gold
                  | pieces
  9362 | D:8      | Noticed an eight-headed hydra
  9405 | D:8      | Killed an eight-headed hydra
  9567 | D:8      | Noticed Maggie
  9574 | D:8      | Killed Maggie
  9789 | D:8      | Reached ** piety under Vehumet
  9803 | D:8      | Offered knowledge of Freeze by Vehumet.
  9864 | D:8      | Noticed a two-headed ogre
 10084 | D:8      | Killed a two-headed ogre
 10084 | D:8      | Reached skill level 13 in Air Magic
 10318 | D:8      | Found a staircase to the Lair.
 10658 | D:8      | Reached XP level 11. HP: 67/67 MP: 22/22
 10739 | D:8      | Got a crude lajatang
 10740 | D:8      | Identified the +7 lajatang of Equivalence {vorpal, rF+
                  | Str+6 Int+2 Dex-2} (You found it on level 8 of the Dungeon)
 11340 | D:9      | Offered knowledge of Stone Arrow by Vehumet.
 11486 | D:9      | Reached *** piety under Vehumet
 12335 | D:9      | Reached skill level 10 in Conjurations
 12335 | D:9      | Reached skill level 14 in Air Magic
 12852 | D:9      | Found Reeseura's Gadget Emporium.
 12864 | D:9      | Noticed a two-headed ogre
 12869 | D:9      | Killed a two-headed ogre
 12956 | D:9      | Found a shimmering blue altar of Sif Muna.
 13233 | D:10     | Entered Level 10 of the Dungeon
 13234 | D:10     | Noticed a brown ugly thing
 13239 | D:10     | Killed a brown ugly thing
 13574 | D:10     | Offered knowledge of Iskenderun's Mystic Blast by Vehumet.
 14767 | D:11     | Found a staircase to the Orcish Mines.
 14871 | D:11     | Killed an unseen horror
 14871 | D:11     | Reached skill level 15 in Air Magic
 14920 | D:11     | Killed an unseen horror
 15191 | D:11     | Reached **** piety under Vehumet
 15520 | D:11     | You are sucked into a shaft and drop 1 floor!
 15560 | D:12     | Noticed a manticore
 15563 | D:12     | Killed a manticore
 15617 | D:12     | Reached XP level 12. HP: 75/75 MP: 23/25
 16196 | D:12     | Offered knowledge of Irradiate by Vehumet.
 16203 | D:12     | Learned a level 5 spell: Irradiate
 16299 | D:12     | Found a sacrificial altar of Ru.
 16581 | D:12     | Reached skill level 16 in Air Magic
 16831 | D:12     | Noticed a two-headed ogre
 16835 | D:12     | Killed a two-headed ogre
 17533 | D:12     | You are sucked into a shaft and drop 1 floor!
 17556 | D:13     | Found a radiant altar of Vehumet.
 17885 | D:13     | Reached ***** piety under Vehumet
 17890 | D:13     | Offered knowledge of Iron Shot by Vehumet.
 18564 | D:13     | Noticed a two-headed ogre
 18565 | D:13     | Noticed a two-headed ogre
 18588 | D:13     | Killed a two-headed ogre
 19229 | Lair:1   | Entered Level 1 of the Lair of Beasts
 19301 | D:8      | Reached skill level 17 in Air Magic
 19661 | Lair:1   | Reached XP level 13. HP: 80/82 MP: 25/27
 19795 | Lair:1   | Reached skill level 5 in Dodging
 20148 | Lair:1   | Reached skill level 10 in Fighting
 20313 | Lair:1   | Identified a scroll of acquirement
 20314 | Lair:1   | Acquired 1090 gold pieces
 21381 | Lair:2   | Reached skill level 18 in Air Magic
 22568 | Lair:2   | Found a staircase to the Swamp.
 22674 | Lair:3   | Offered knowledge of Conjure Ball Lightning by Vehumet.
 22682 | Lair:3   | Learned a level 6 spell: Conjure Ball Lightning
 22774 | Lair:3   | Reached skill level 10 in Spellcasting
 23069 | Lair:3   | Found a gate leading to a gauntlet.
 23109 | Gauntlet | Entered a Gauntlet
 23109 | Gauntlet | Found a transporter.
 23109 | Gauntlet | Found a transporter.
 23109 | Gauntlet | Found a transporter.
 23116 | Gauntlet | Found a transporter.
 23119 | Gauntlet | Found a transporter.
 23120 | Gauntlet | Found a transporter.
 23131 | Gauntlet | Found a transporter.
 23133 | Gauntlet | Found a transporter.
 23143 | Gauntlet | Found a transporter.
 23154 | Gauntlet | Found a transporter.
 23171 | Gauntlet | Found a transporter.
 23175 | Gauntlet | Found a transporter.
 23726 | Lair:3   | Found a hole to the Spider Nest.
 25253 | Lair:4   | Reached skill level 19 in Air Magic
 25573 | Lair:4   | Got a masterwork rapier
 25574 | Lair:4   | Identified the +4 rapier "Evickooti" {elec, +Rage} (You
                  | found it on level 4 of the Lair of Beasts)
 25665 | Lair:4   | Noticed Josephine
 25668 | Lair:4   | Reached XP level 14. HP: 90/90 MP: 29/29
 25673 | Lair:4   | Killed Josephine
 27003 | Lair:4   | Identified Soix's Last Secrets of Casting
 27514 | Lair:5   | Found a viscous altar of Jiyva.
 27514 | Lair:5   | Found a staircase to the Slime Pits.
 28416 | Lair:5   | Reached skill level 20 in Air Magic
 28862 | Lair:5   | Found a runed translucent gate.
 28862 | Lair:5   | Found a runed translucent gate.
 28862 | Lair:5   | Found a runed translucent gate.
 28862 | Lair:5   | Noticed Libboc's ghost (journeyman DEFE)
 28997 | Lair:5   | Noticed an entropy weaver
 29002 | Lair:5   | Killed an entropy weaver
 29200 | Lair:5   | Noticed an entropy weaver
 29207 | Lair:5   | Killed an entropy weaver
 29471 | Lair:6   | Entered Level 6 of the Lair of Beasts
 30634 | Lair:5   | Reached XP level 15. HP: 38/96 MP: 10/31
 30866 | Lair:6   | Offered knowledge of Lee's Rapid Deconstruction by Vehumet.
 31383 | Lair:6   | Reached skill level 21 in Air Magic
 31725 | Lair:6   | Reached skill level 1 in Shields
 33799 | Orc:1    | Entered Level 1 of the Orcish Mines
 33805 | Orc:1    | Offered knowledge of Freezing Cloud by Vehumet.
 34951 | Orc:1    | Noticed an orc warlord
 34964 | Orc:1    | Killed an orc warlord
 35417 | Orc:2    | Entered Level 2 of the Orcish Mines
 35831 | Orc:2    | Found a frozen archway.
 35836 | Orc:2    | Found Genaruf's Weapon Shop.
 35840 | IceCv    | Entered an ice cave
 36214 | Orc:2    | Found a staircase to the Elven Halls.
 36226 | Orc:2    | Reached ****** piety under Vehumet
 36404 | Orc:2    | Found Kuhiy's Assorted Antiques.
 36408 | Orc:2    | Bought a scroll labeled GOAJE JYGGE for 32 gold pieces
 36408 | Orc:2    | Bought 2 potions of heal wounds for 320 gold pieces
 36458 | Orc:2    | Found Asyogh's Food Boutique.
 37018 | Orc:2    | Found Feuprouc's Gadget Shop.
 37163 | Orc:2    | Offered knowledge of Starburst by Vehumet.
 37494 | Orc:2    | Found Ykhlaz's Armour Emporium.
 37494 | Orc:2    | Found Hamo's Armour Boutique.
 37558 | Orc:2    | Found a roughly hewn altar of Beogh.
 37798 | Orc:2    | Found Udoxaubi's Gadget Emporium.
 37798 | Orc:2    | Found Sair Yja's Book Boutique.
 37843 | Orc:2    | Bought a +2 cloak for 231 gold pieces
 38100 | D:13     | Found a gate to the Vaults.
 38740 | D:14     | Reached XP level 16. HP: 80/103 MP: 18/33
 39117 | D:14     | Reached skill level 22 in Air Magic
 40689 | D:15     | Entered Level 15 of the Dungeon
 40973 | D:15     | Found Lule's Gadget Boutique.
 42039 | D:15     | Offered knowledge of Bolt of Magma by Vehumet.
 42382 | D:15     | Found a staircase to the Depths.
 42622 | D:15     | Found an ancient bone altar of Kikubaaqudgha.
 42827 | Swamp:1  | Entered Level 1 of the Swamp
 43839 | Swamp:1  | Noticed Aizul
 43849 | Swamp:1  | Killed Aizul
 44119 | Swamp:1  | Got a coiled iron ring
 44120 | Swamp:1  | Identified the ring "Ubbuss" {rPois rN+ Slay+2} (You found
                  | it on level 1 of the Swamp)
 45248 | Swamp:2  | Got a smoking hand axe
 45249 | Swamp:2  | Identified the +7 hand axe "Varphiann" {elec, rN+ MR+
                  | Dex-2} (You found it on level 2 of the Swamp)
 45395 | Swamp:2  | Identified the cursed +0 pair of gloves "Toergh" {+Inv
                  | Str+7 Dex-3}
 45395 | Swamp:2  | Noticed Nikola
 45569 | Swamp:2  | Killed Nikola
 45580 | Swamp:2  | Gained mutation: You are frail. (-10% HP) [mutagenic glow]
 46287 | Swamp:2  | Slain by an alligator

Illustrated notes

Levels and vault maps discovered:
D:1:      saegor_arrival_simple_c, layout_basic
D:2:      layout_basic
D:3:      layout_rooms
D:4:      layout_cave_pods, first_ration
D:5:      layout_loops_ring, minmay_temple_entry_large_hall,
          gammafunk_ghost_mausoleum, grunt_ministairs_5,
          hangedman_abyss_or_decor_jellyfish_corner
D:6:      layout_rooms, lemuel_crystal_altar
D:7:      layout_basic, grunt_ogre_cave
D:8:      layout_loops_ring, grunt_lair_entry_orc_guard_hut, serial_shops, shop,
          uniq_maggie
D:9:      layout_loops_corners, serial_shops, shop, minmay_stone_trees_small,
          lemuel_blue_sif_altar
D:10:     layout_layer_cave, dk_noncrumbling_4
D:11:     layout_cave_pools, orc_0_dummy
D:12:     layout_stronghold, small_statue_alley_a, nicolae_ru_awakened_eye
D:13:     layout_roguey, david_vaults_1, fountainhead, lemuel_altar_in_water
D:14:     layout_loops_corners, kennysheep_donut
D:15:     grunt_enter_depths_hoard, layout_cave_pods, minmay_misc_feat_x,
          serial_rivers, chequers_serial_rivers_micro_d,
          chequers_serial_rivers_marsh, chequers_serial_rivers_room_a,
          chequers_serial_rivers_room_b, serial_shops, shop_fountains,
          serial_bayou_ford_a, lemuel_tele_altar
Temple:   dpeg_three_leaves_temple
Lair:1:   layout_gridlike, grunt_forest_large_clearings, serial_bayou_shore_b,
          infiniplex_staircase_pool
Lair:2:   layout_gridlike, nicolae_swamp_entry_splash_gauntlet
Lair:3:   beast_lair_carwin_large_3, layout_cave_pods,
          spider_nest_entry_web_field, gauntlet_entry_generic,
          hibernation_bobbens
Lair:4:   layout_long_grid, lemuel_fruit_fields, serial_bayou_shore_a,
          minmay_lair_oklob_chamber, grunt_megastairs_3, uniq_josephine
Lair:5:   layout_loops_ring, slime_altar_1, gammafunk_ghost_hydra_chop,
          minivault_11, minmay_another_anthill
Lair:6:   gammafunk_lair_ancient_temple, layout_loops_ring, special_room
          [special_room_mythical_zoo]
Swamp:1:  layout_basic_swamp, hangedman_swamp_lotus, water_boxes_lemuel,
          uniq_aizul
Swamp:2:  layout_basic_swamp, hangedman_swamp_diagram, uniq_nikola
Orc:1:    layout_diamond_mine
Orc:2:    st_orc_town, layout_diamond_mine, serial_shops, shop,
          nicolae_shop_statue_plus, shop_statue, shop,
          portal_ice_cave_entry_pillars_1

Skill      XL: |  1  2  3  4  5  6  7  8  9 10 11 12 13 14 15 16 |
---------------+-------------------------------------------------+-----
Conjurations   | 2 3 4 5 6 8 9 10 12 | 12.3
Fighting       | 1 2 3 4 6 7 8 9 11 12 13 | 13.4
Air Magic      | 5 6 7 8 10 12 13 15 17 19 20 21 22 | 22.7
Spellcasting   | 3 4 6 7 8 9 10 11 12 | 12.7
Dodging        | 4 5 6 8 |  8.5
Shields        | 4 |  4.0
Stealth        | |  2.0

Action                   |  1- 3 |  4- 6 |  7- 9 | 10-12 | 13-15 | 16-18 || total
-------------------------+-------+-------+-------+-------+-------+-------++-------
Melee: Short sword       |    18 |     1 |       |       |       |       ||    19
       Dagger            |     2 |       |       |       |       |       ||     2
       Kick              |     1 |     1 |     2 |     2 |     2 |       ||     8
       Peck              |     1 |       |     3 |     1 |     1 |       ||     6
       Trident           |       |     1 |    18 |    15 |       |       ||    34
       Staff             |       |       |       |       |     4 |       ||     4
 Cast: Shock             |    80 |   143 |   206 |    32 |     6 |       ||   467
       Airstrike         |       |     1 |    47 |   385 |   720 |   311 ||  1464
       Irradiate         |       |       |       |     4 |    16 |    11 ||    31
       Conjure Ball Ligh |       |       |       |       |    68 |    20 ||    88
 Abil: Fly               |       |     1 |       |       |       |       ||     1
Evoke: Wand              |       |       |     4 |     1 |     5 |     3 ||    13
  Use: Scroll            |       |       |    19 |     3 |    13 |     6 ||    41
       Potion            |       |       |       |       |     1 |       ||     1
  Eat: Ration            |     1 |     2 |     4 |     9 |    17 |     6 ||    39
Armor: Robe              |     3 |     6 |     9 |     2 |     4 |    14 ||    38
       Leather armour    |       |     6 |       |       |       |       ||     6
       Steam dragon scal |       |       |       |    19 |    37 |       ||    56
Dodge: Dodged            |    20 |    46 |    98 |    88 |   113 |    61 ||   426
Block: Other             |       |       |    14 |    24 |    18 |       ||    56
       Reflection        |       |       |     4 |     4 |     3 |     1 ||    12
       Buckler           |       |       |       |       |    30 |    34 ||    64

Table legend:
 A = Non-vault XP
 B = Vault XP
 C = Vault XP percentage of total XP
 D = Non-vault monster count
 E = Vault monster count
 F = Vault count percentage of total count
                 A         B        C        D         E       F
            +---------+---------+-------+---------+---------+-------
      Total |  128676 |   50300 |  28.1 |     762 |     217 |  22.2
            +---------+---------+-------+---------+---------+-------
        D:1 |      50 |       0 |   0.0 |      28 |       0 |   0.0
        D:2 |      88 |       0 |   0.0 |      27 |       0 |   0.0
        D:3 |     176 |       0 |   0.0 |      31 |       0 |   0.0
        D:4 |     635 |       0 |   0.0 |      17 |       0 |   0.0
        D:5 |     637 |     124 |  16.3 |      21 |       1 |   4.5
        D:6 |     703 |       0 |   0.0 |      24 |       0 |   0.0
        D:7 |    1157 |     188 |  14.0 |      18 |       2 |  10.0
        D:8 |    4995 |    2046 |  29.1 |      45 |      15 |  25.0
        D:9 |    2952 |       0 |   0.0 |      32 |       0 |   0.0
       D:10 |    2467 |       0 |   0.0 |      26 |       0 |   0.0
       D:11 |    5679 |       0 |   0.0 |      23 |       0 |   0.0
       D:12 |    6550 |       0 |   0.0 |      43 |       0 |   0.0
       D:13 |    6673 |    2341 |  26.0 |      40 |       4 |   9.1
       D:14 |    9205 |       0 |   0.0 |      40 |       0 |   0.0
       D:15 |   10810 |    2130 |  16.5 |      30 |       2 |   6.2
     Lair:1 |    3982 |    2159 |  35.2 |      20 |      16 |  44.4
     Lair:2 |    5691 |     771 |  11.9 |      24 |       5 |  17.2
     Lair:3 |    6800 |    2473 |  26.7 |      25 |      11 |  30.6
     Lair:4 |    7678 |    4295 |  35.9 |      33 |      11 |  25.0
     Lair:5 |    6727 |    6987 |  50.9 |      26 |      37 |  58.7
     Lair:6 |   12307 |   15400 |  55.6 |      35 |      50 |  58.8
    Swamp:1 |   14438 |    1713 |  10.6 |      46 |       1 |   2.1
    Swamp:2 |    9799 |    3140 |  24.3 |      18 |       1 |   5.3
      Orc:1 |    5036 |       0 |   0.0 |      58 |       0 |   0.0
      Orc:2 |    3441 |    5718 |  62.4 |      32 |      55 |  63.2
      IceCv |       0 |     815 | 100.0 |       0 |       6 | 100.0
            +---------+---------+-------+---------+---------+-------
